 Dungeon Crawl Stone Soup version 0.31-a0-1301-g7e11add784 (webtiles) character file.

Game seed: 11052514991847915378

1355831 Ge0ff the Necromancer (level 25, 210/210 HPs)
             Began as a Vampire Necromancer on Dec 18, 2023.
             Was the Champion of Ashenzari.
             Escaped with the Orb
             ... and 3 runes on Dec 19, 2023!
             The game lasted 03:27:17 (104991 turns).

Ge0ff the Necromancer (Vampire Necromancer)       Turns: 104991, Time: 03:27:17

Health: 210/210    AC: 15    Str:  5    XL:     25   Next: 32%
Magic:  16/49      EV: 21    Int: 35    God:    Ashenzari [******]
Gold:   1152       SH:  8    Dex: 21    Spells: 6/68 levels left

rFire   + + +        a - +3 demon trident "Sublime Burden" {venom, Comp, Melee} (curse)
rCold   + + .        h - +1 buckler of Ashenzari's Soothsayer {Will+, Elem, Self} (curse)
rNeg    + + +        w - +3 leather armour of the Oracular Sphere {rC+ rF+, Comp, Elem} (curse)
rPois   +            D - +1 helmet of Supernal Understanding {Self, Elem} (curse)
rElec   +            Y - scarf of Star-Bound Wisdom {rC+ rF+, +Blink rPois rN++ Int-4, Elem, Cun} (curse)
rCorr   +            Z - +2 pair of gloves of Supernal Wisdom {Elem, Alch} (curse)
SInv    +            Q - +2 pair of boots of the Cryptic Planets {rElec Will+ rCorr Str-2, Self, Cun} (curse)
Will    ++++.        k - amulet of the Astrological Gloom {Spirit Int+4, Bglg, Cun} (curse)
Stlth   +++          c - ring "Ruined Bitterness" {rF+ rN+ Dex+6 Stlth+, Bglg, Self} (curse)
HPRegen 0.75/turn    L - ring of Ashenzari's Vision {Int+6, Comp, Elem} (curse)
MPRegen 0.31/turn

%: clarity, guardian spirit
@: healing quickly
A: alive, fangs 3, see invisible, vampiric 2
0: Orb of Zot
}: 3/15 runes: decaying, serpentine, silver
a: Exsanguinate, Renounce Religion, Evoke Blink, Shatter the Chains


You escaped.
You worshipped Ashenzari.
Ashenzari was exalted by your worship.
You visited 10 branches of the dungeon, and saw 48 of its levels.
You also visited: Bailey, Ice Cave and Desolation.

You collected 9405 gold pieces.
You spent 8253 gold pieces at shops.

Inventory:

Hand Weapons
 a - the cursed +3 demon trident "Sublime Burden" (weapon) {venom, Comp, Melee}
   (You acquired it on level 4 of the Lair of Beasts)

   It has a curse which improves the following skills: Companions: Summonings
   and Necromancy.
   Melee Combat: Short Blades, Long Blades, Axes, Maces & Flails, Polearms,
   Staves and Unarmed Combat.
 b - the +7 hand cannon "Mule" {flame, backblast, rF+}
   (You found it on level 3 of the Elven Halls)

   rF+:       It protects you from fire.
 p - the +10 rapier of Makhleb's Benevolence {pain, rElec rCorr Int+2 Dex+2}
   (You found it on level 5 of the Lair of Beasts)

   Int+2:     It affects your intelligence (+2).
   Dex+2:     It affects your dexterity (+2).
   rElec:     It insulates you from electricity.
   rCorr:     It protects you from acid and corrosion.
Missiles
 g - 3 throwing nets {=F}
 i - 9 javelins
 v - 7 curare-tipped darts {=F}
 x - 9 silver javelins
 A - 4 datura-tipped darts {=F}
 G - 26 boomerangs
Armour
 h - the cursed +1 buckler of Ashenzari's Soothsayer (worn) {Will+, Elem, Self}
   (You found it in a bailey)

   Will+:     It increases your willpower.
   It has a curse which improves the following skills: Elements: Fire Magic, Ice
   Magic, Air Magic and Earth Magic.
   Introspection: Fighting and Spellcasting.
 w - the cursed +3 leather armour of the Oracular Sphere (worn) {rC+ rF+, Comp, Elem}
   (You found it in an ice cave)

   It has a curse which improves the following skills: Companions: Summonings
   and Necromancy.
   Elements:  Fire Magic, Ice Magic, Air Magic and Earth Magic.
 D - the cursed +1 helmet of Supernal Understanding (worn) {Self, Elem}
   (You found it on level 4 of the Lair of Beasts)

   It has a curse which improves the following skills: Introspection: Fighting
   and Spellcasting.
   Elements:  Fire Magic, Ice Magic, Air Magic and Earth Magic.
 Q - the cursed +2 pair of boots of the Cryptic Planets (worn) {rElec Will+ rCorr Str-2, Self, Cun}
   (You acquired it on level 9 of the Dungeon)

   Str-2:     It affects your strength (-2).
   rElec:     It insulates you from electricity.
   Will+:     It increases your willpower.
   rCorr:     It protects you from acid and corrosion.
   It has a curse which improves the following skills: Introspection: Fighting
   and Spellcasting.
   Cunning:   Dodging and Stealth.
 Y - the cursed scarf of Star-Bound Wisdom (worn) {rC+ rF+, +Blink rPois rN++ Int-4, Elem, Cun}
   (You acquired it on level 11 of the Dungeon)

   Int-4:     It affects your intelligence (-4).
   rPois:     It protects you from poison rN++: It greatly protects you from
   negative energy.
   +Blink:    It lets you blink.
   It has a curse which improves the following skills: Elements: Fire Magic, Ice
   Magic, Air Magic and Earth Magic.
   Cunning:   Dodging and Stealth.
 Z - the cursed +2 pair of gloves of Supernal Wisdom (worn) {Elem, Alch}
   (You found it on level 2 of the Snake Pit)

   It has a curse which improves the following skills: Elements: Fire Magic, Ice
   Magic, Air Magic and Earth Magic.
   Alchemy:   Poison Magic and Transmutations.
Jewellery
 c - the cursed ring "Ruined Bitterness" (left hand) {rF+ rN+ Dex+6 Stlth+, Bglg, Self}
   (You found it in a bailey)

   [ring of dexterity]

   Dex+6:     It affects your dexterity (+6).
   rF+:       It protects you from fire.
   rN+:       It protects you from negative energy.
   Stlth+:    It makes you more stealthy.
   It has a curse which improves the following skills: Beguiling: Conjurations,
   Hexes and Translocations.
   Introspection: Fighting and Spellcasting.
 k - the cursed amulet of the Astrological Gloom (around neck) {Spirit Int+4, Bglg, Cun}
   (You found it on level 10 of the Dungeon)

   [amulet of guardian spirit]

   Spirit:    It causes incoming damage to be divided between your reserves of
   health and magic.
   Int+4:     It affects your intelligence (+4).
   It has a curse which improves the following skills: Beguiling: Conjurations,
   Hexes and Translocations.
   Cunning:   Dodging and Stealth.
 L - the cursed ring of Ashenzari's Vision (right hand) {Int+6, Comp, Elem}
   (You found it on level 3 of the Dungeon)

   [ring of intelligence]

   Int+6:     It affects your intelligence (+6).
   It has a curse which improves the following skills: Companions: Summonings
   and Necromancy.
   Elements:  Fire Magic, Ice Magic, Air Magic and Earth Magic.
 S - the ring of Departure {Fly rN+ Will+ Dex+2}
   (You found it in the Desolation of Salt)

   [ring of flight]

   Dex+2:     It affects your dexterity (+2).
   rN+:       It protects you from negative energy.
   Will+:     It increases your willpower.
   Fly:       It grants you flight.
Wands
 d - a wand of digging (7)
 e - a wand of charming (48)
 f - a wand of flame (105)
 j - a wand of quicksilver (22)
 r - a wand of roots (22)
 s - a wand of mindburst (13)
 P - a wand of polymorph (28)
Scrolls
 y - 5 scrolls of immolation
 B - 2 scrolls of blinking
 C - 3 scrolls of poison
 E - 6 scrolls of fear
 F - 5 scrolls of fog
 J - 8 scrolls of silence {!r}
 T - 8 scrolls of teleportation
 V - 5 scrolls of vulnerability
Potions
 o - 13 potions of ambrosia
 q - 24 potions of curing
 u - 6 potions of mutation {!q}
 z - 4 potions of brilliance
 H - 4 potions of haste {!q}
 I - 3 potions of invisibility
 K - a potion of magic {!q}
 M - 5 potions of might
 N - 4 potions of cancellation {!q}
 R - 7 potions of resistance
 W - 10 potions of heal wounds {!q}
 X - 9 potions of enlightenment
Miscellaneous
 l - a lightning rod (4/4)
 n - a phial of floods
 t - a tin of tremorstones (inert)
 O - a box of beasts
 U - a phantom mirror


   Skills:
 - Level 14.3(20.0) Fighting
 - Level 11.5(14.0) Polearms
 - Level 6.0 Throwing
 - Level 7.0 Armour
 - Level 10.3(15.0) Dodging
 + Level 12.3(17.0) Stealth
 - Level 7.0 Shields
 - Level 16.4(22.0) Spellcasting
 + Level 16.4(19.8) Conjurations
 - Level 4.6(8.0) Hexes
 - Level 16.4(21.0) Summonings
 - Level 18.5(23.0) Necromancy
 - Level 1.6(4.0) Translocations
 - Level 7.4(10.0) Transmutations
 - Level 3.1(9.0) Ice Magic
 - Level 12.4(20.0) Earth Magic
 - Level 12.0 Evocations


You had 6 spell levels left.
You knew the following spells:

 Your Spells              Type           Power      Damage    Failure   Level
a - Sublimation of Blood  Necr           100%       N/A       0%          2
d - Iskenderun's Mystic   Conj/Tloc      89%        2d17      1%          4
g - Apportation           Tloc           100%       N/A       1%          1
h - Lee's Rapid Deconstr  Erth           54%        3d25*     0%          5
k - Borgnjor's Vile Clut  Necr/Erth      56%        N/A       0%          5
m - Lehudib's Crystal Sp  Conj/Erth      54%        10d13     3%          8
n - Dispel Undead         Necr           100%       3d31      0%          4
s - Monstrous Menagerie   Summ           55%        N/A       1%          7
v - Summon Mana Viper     Hex/Summ       96%        N/A       1%          5
w - Passwall              Tmut/Erth      80%        N/A       0%          2
y - Yara's Violent Unrav  Hex/Tmut       39%        3d16      1%          5
B - Blink                 Tloc           100%       N/A       1%          2
C - Spellforged Servitor  Conj/Summ      55%        N/A       1%          7
E - Irradiate             Conj/Tmut      48%        3d27      1%          5

Your spell library contained the following spells:

 Spells                   Type           Power      Damage    Failure   Level
 Kiss of Death            Conj/Necr      100%       2d13      0%          1
 Necrotise                Necr           100%       1d9       0%          1
 Sandblast                Erth           100%       2d20      0%          1
 Summon Small Mammal      Summ           100%       N/A       0%          1
 Call Canine Familiar     Summ           100%       N/A       0%          3
 Hailstorm                Conj/Ice       96%        3d15      0%          3
 Stone Arrow              Conj/Erth      100%       3d13      0%          3
 Summon Guardian Golem    Hex/Summ       96%        N/A       0%          3
 Vampiric Draining        Necr           100%       2d13      0%          3
 Animate Armour           Summ/Erth      100%       N/A       0%          4
 Animate Dead             Necr           100%       N/A       0%          4
 Brom's Barrelling Bould  Conj/Erth      100%       2d11      0%          4
 Agony                    Necr           100%       N/A       0%          5
 Iskenderun's Battlesphe  Conj           100%       2d15      0%          5
 Shock                    Conj/Air       100%       1d9       1%          1
 Slow                     Hex            100%       N/A       1%          1
 Sting                    Tmut/Pois      100%       1d8       1%          1
 Cigotuvi's Dreadful Rot  Necr/Pois/Air  100%       N/A       1%          2
 Poisonous Vapours        Pois/Air       86%        N/A       1%          2
 Wereblood                Tmut           83%        N/A       1%          2
 Dazzling Flash           Conj/Hex       100%       N/A       1%          3
 Frozen Ramparts          Ice            100%       1d16      1%          3
 Gell's Gravitas          Tloc           61%        N/A       1%          3
 Ignite Poison            Fire/Tmut/Pois 60%        N/A       1%          3
 Inner Flame              Hex/Fire       63%        N/A       1%          3
 Mephitic Cloud           Conj/Pois/Air  73%        N/A       1%          3
 Sigil of Binding         Hex            76%        N/A       1%          3
 Teleport Other           Tloc           61%        N/A       1%          3
 Tukima's Dance           Hex            76%        N/A       1%          3
 Volatile Blastmotes      Fire/Tloc      100%       2d18      1%          3
 Cause Fear               Hex            38%        N/A       1%          4
 Dimensional Bullseye     Hex/Tloc       34%        N/A       1%          4
 Fulminant Prism          Conj/Hex       47%        3d21      1%          4
 Summon Ice Beast         Ice/Summ       97%        N/A       1%          4
 Summon Lightning Spire   Summ/Air       86%        N/A       1%          4
 Arcjolt                  Conj/Air       42%        1d52      1%          5
 Fireball                 Conj/Fire      42%        3d17      1%          5
 Freezing Cloud           Conj/Ice/Air   41%        6-21      1%          5
 Bombard                  Conj/Erth      54%        9d9       1%          6
 Death Channel            Necr           57%        N/A       1%          6
 Simulacrum               Ice/Necr       50%        N/A       1%          6
 Manifold Assault         Tloc           61%        N/A       3%          4
 Passage of Golubria      Tloc           61%        N/A       3%          4
 Conjure Ball Lightning   Conj/Air       42%        3x3d15    3%          6
 Starburst                Conj/Fire      42%        6d12      3%          6
 Vhi's Electric Charge    Tloc/Air       100%       N/A       6%          4
 Silence                  Hex/Air        31%        N/A       8%          5
 Olgreb's Toxic Radiance  Pois           40%        N/A       16%         4
 Dispersal                Tloc           30%        N/A       45%         6
 Plasma Beam              Fire/Air       23%        2x1d35    86%         6
 Haunt                    Necr/Summ      56%        N/A       1%          7
 Orb of Destruction       Conj           54%        9d14      1%          7
 Infestation              Necr           57%        N/A       1%          8
 Dragon's Call            Summ           55%        N/A       32%         9
 Ozocubu's Refrigeration  Ice            40%        4d16      36%         7
 Enfeeble                 Hex            38%        N/A       50%         7
 Discord                  Hex            38%        N/A       99%         8
 Disjunction              Tloc           30%        N/A       100%        8
 Maxwell's Capacitive Co  Air            23%        ∞         100%        8
 Chain Lightning          Conj/Air       42%        3d56      100%        9
 Polar Vortex             Ice            40%        12d5*     100%        9


Dungeon Overview and Level Annotations

Branches:
Dungeon (15/15)            Temple (1/1) D:5            Lair (5/5) D:8
  Swamp (4/4) Lair:2        Snake (4/4) Lair:3        Slime (0/5) Lair:5
    Orc (2/2) D:10            Elf (3/3) Orc:2        Vaults (5/5) D:14
  Crypt (0/3) Vaults:2     Depths (4/4) D:15            Zot (5/5) Depths:4
 Bailey (visited)           IceCv (visited)         Desolation (visited)

Altars:
Ashenzari
Cheibriados
Dithmenos
Fedhas
Gozag
Hepliaklqana
Kikubaaqudgha
Makhleb
Nemelex Xobeh
Okawaru
Qazlal
Ru
Sif Muna
Trog
Uskayaw
Vehumet
Wu Jian
Xom
Yredelemnul

Shops:
D:6 (   D:9 *:*:*   D:11 *   D:15 *   Orc:1 :   Orc:2 **:=   Elf:3 ?
Snake:1 *   Snake:2 [   Vaults:2 [   Vaults:3 *   Depths:3 *

Portals:
Hell: Depths:1 Depths:2 Depths:3 Depths:4
Abyss: Depths:1 Depths:3
Pandemonium: Depths:1 Depths:2
Ziggurat: Depths:4

Annotations:
Zot:3 1 transporter


Innate Abilities, Weirdness & Mutations

Your natural rate of healing is accelerated.
You have razor-sharp teeth.
You have supernaturally acute eyesight. (SInv)
You are afflicted with vampirism and can become a bat while bloodless.


Message History

Your lindwurm claws the Orb Guardian but does no damage.
Your lindwurm claws the Orb Guardian.
The Orb Guardian hits your lindwurm!!!
Your lindwurm dies!
Your lindwurm's corpse disappears in a puff of smoke!
Your sphinx casts a spell.
The Orb Guardian resists with almost no effort.
Your sphinx hits the Orb Guardian!
Your sphinx hits the Orb Guardian but does no damage.
Your sphinx hits the Orb Guardian. The Orb Guardian hits your sphinx!!
There is an open door here.
Your sphinx mumbles some strange words.
The Orb Guardian resists with almost no effort.
You see here a +0 short sword.
There is an open door here.
The Orb Guardian completely misses you.
Your sphinx mumbles some strange words.
The Orb Guardian resists with almost no effort.
The crystal spear misses the Orb Guardian.
You block the Orb Guardian's attack.
The crystal spear hits the Orb Guardian!!!
You kill the Orb Guardian!
Press: ? - help, . - travel You can't see that place. [the floor.]
You swap places.
There is an open door here.
There is an open door here.
Your sphinx disappears in a puff of smoke!
A large abomination comes into view.
Unknown command.
The crystal spear hits the large abomination!!!
You destroy the large abomination!
A Brimstone Fiend comes into view.
The Brimstone Fiend moves out of view.
There is an open door here.
You close the door.
An efreet comes into view.
It is wielding a +3 scimitar of flaming.
There is an open door here.
You close the door.
Casting: Lehudib's Crystal Spear (dangerous; 3% risk of failure)
Confirm with . or Enter, or press ? or * to list all spells.
You blink.
The efreet barely misses you. The efreet completely misses you.
Blink to where?
Press: ? - help, Dir - move target
As you read the scroll of blinking, it crumbles to dust.
You feel ready to blink again.
You have escaped!

#..#..P.....1....
#..#.P.P....#..#.
#..#..P.P...#..#.
#..#...P.P..#..#.
#..#..P.P...#..#.
#..#.P...P..#..#.
####........##'#3
##..##########..##
#@...#.☼....+{...#
#....'R§○...#....#
##..##########..##
#### ####


You could see an efreet.

Vanquished Creatures
  2 dread liches (Vaults:5)
  An ancient lich (Vaults:5)
  Boris (twice) (Vaults:3 Vaults:4)
  9 golden dragons
  2 curse toes (Zot:5)
  The ghost of ongoing the Corrupter of Planes, a veteran AtFi of Lugonu (Depths:4)
  3 electric golems
  An Orb Guardian (D:1)
  A Brimstone Fiend (D:14)
  4 liches
  5 tentacled monstrosities
  The ghost of Turbonekonecno the Unseen, a veteran SpEn of Uskayaw (Depths:3)
  2 walking crystal tomes
  2 deep elf master archers (Elf:3)
  A searing wretch (Vaults:3)
  2 walking earthen tomes (Depths:4)
  3 quicksilver dragons
  A walking frostbound tome (Depths:3)
  5 titans
  A deep elf blademaster (Elf:3)
  6 death cobs
  10 shadow dragons
  5 tengu reavers
  A protean progenitor (Zot:3)
  7 storm dragons
  2 draconian monks (Zot:4)
  A draconian knight (Depths:4)
  A daeva (D:11)
  10 fire giants
  6 vault wardens
  4 iron dragons
  6 frost giants
  2 deep elf sorcerers
  3 draconian shifters
  A draconian scorcher (Zot:3)
  2 orc warlords
  An angel (Vaults:2)
  A balrug (Depths:2)
  5 ghost moths
  10 ironbound preservers
  A spriggan defender (Depths:3)
  2 war gargoyles (Vaults:5)
  8 very ugly things
  3 green draconians
  9 stone giants
  3 vampire knights
  An ironbound thunderhulk (Vaults:4)
  4 deep elf demonologists
  5 black draconians
  5 red draconians
  7 deep elf death magi
  3 deep elf annihilators
  A dire elephant (Vaults:1)
  3 yellow draconians
  A lorocyproca (D:7)
  3 purple draconians
  A white draconian (Depths:4)
  Snorg (D:11)
  A spark wasp (Depths:4)
  3 ettins
  A blizzard demon (Depths:2)
  2 ragged hierophants (Desolation)
  3 crystal guardians
  3 entropy weavers
  A green death (Depths:1)
  9 yaktaur captains
  8 fire dragons
  2 spriggan air magi
  5 hydras
  3 great orbs of eyes
  A quicksilver dragon skeleton (Depths:2)
  14 vault guards (Vaults:5)
  2 ghost crabs (Swamp:3)
  2 servants of whispers (Desolation)
  8 ice dragons
  A catoblepas (Lair:4)
  A rakshasa (Depths:1)
  3 ironbound frosthearts
  An ogre mage (Vaults:5)
  5 peacekeepers
  A hell beast (Depths:1)
  7 anacondas
  4 boulder beetles
  2 deep troll shamans (Depths:2)
  A centaur warrior (D:15)
  13 dancing weapons
  An alligator (Swamp:3)
  A deep troll earth mage (Depths:2)
  3 two-headed ogres
  A naga warrior (Snake:4)
  2 naga sharpshooters (Snake:4)
  8 hell knights
  A spriggan berserker (Depths:1)
  An orc high priest (Vaults:3)
  A tengu warrior (Depths:2)
  An occultist (Depths:2)
  A shock serpent (Snake:4)
  A sun demon (Depths:2)
  5 iron trolls
  2 vampire magi
  A shock serpent (shapeshifter) (Vaults:5)
  A fire crab (shapeshifter) (Vaults:5)
  7 deep elf knights (Elf:2)
  A shadow wraith (Vaults:5)
  A skyshark (Lair:3)
  12 deep trolls
  2 sixfirhies
  An orb spider (shapeshifter) (Vaults:5)
  A deep troll (shapeshifter) (Vaults:5)
  3 sea snakes (Lair:5)
  A glowing orange brain (Depths:1)
  2 orb spiders (Zot:4)
  A swamp dragon (Swamp:2)
  A bog body (IceCv)
  12 ironbound convokers
  9 lindwurms
  3 deep elf archers
  3 phantasmal warriors (Vaults:5)
  A wolf spider (shapeshifter) (Vaults:5)
  2 arcanists
  Pikel (D:6)
  8 necromancers
  An oklob plant (Lair:3)
  A steelbarb worm (shapeshifter) (Vaults:5)
  8 orc knights
  8 deep elf pyromancers
  11 deep elf zephyrmancers
  7 mana vipers
  An orc sorcerer (Vaults:3)
  6 harpies
  13 ugly things
  A shining eye (shapeshifter) (Vaults:3)
  A cyclops (D:11)
  3 will-o-the-wisps
  A large abomination (D:1)
  A tengu skeleton (Depths:2)
  4 salamanders
  5 elephants
  3 naga magi
  2 smoke demons
  3 kobold blastminers (Orc:2)
  9 moths of wrath
  5 vault sentinels
  5 cane toads
  A gargoyle (Bailey)
  6 guardian serpents
  2 ice statues (IceCv)
  A torpor snail (Lair:3)
  11 black mambas
  4 nameless horrors (Lair:5)
  2 rime drakes (Lair:3)
  8 yaktaurs
  Jeremiah (D:7)
  3 freezing wraiths (Vaults:5)
  4 anaconda simulacra (IceCv)
  4 ice devils (IceCv)
  9 komodo dragons
  A meliai (D:15)
  2 trolls (D:11)
  A merfolk (Zot:3)
  6 hornets
  4 polar bears
  12 saltlings (Desolation)
  2 queen bees
  A tyrant leech (Swamp:3)
  Prince Ribbit (D:6)
  An elf zombie (Vaults:3)
  14 blink frogs
  4 dream sheep (Lair:5)
  An iron dragon simulacrum (Depths:2)
  A snapping turtle (Lair:5)
  A culicivora (Vaults:4)
  Sigmund (D:2)
  10 slime creatures
  An air elemental (Elf:3)
  A water elemental (D:15)
  A ynoxinul (Depths:1)
  A shadow (D:10)
  7 wraiths
  5 spriggans
  43 yaks
  A wyvern (shapeshifter) (Elf:2)
  2 dire elephant simulacra (IceCv)
  A yak (shapeshifter) (Vaults:5)
  4 wyverns
  2 redbacks (Vaults:4)
  5 basilisks
  A vampire (Bailey)
  5 hogs (Lair:5)
  A steam dragon (D:10)
  5 vampire mosquitoes
  A harpy simulacrum (IceCv)
  4 swamp worms
  6 nagas
  11 water moccasins
  3 hydra simulacra (IceCv)
  A swamp drake (Swamp:4)
  10 ice beasts
  3 black bears
  13 orc warriors
  3 boggarts (Vaults:1)
  4 centaurs
  3 ogres
  A kobold brigand (D:6)
  A phantom (D:5)
  9 bullfrogs
  3 scorpions
  A two-headed ogre simulacrum (IceCv)
  An earth elemental (Elf:1)
  25 killer bees
  5 vampire bats (Bailey)
  An elephant simulacrum (IceCv)
  6 electric eels
  2 howler monkeys (D:8)
  4 wolf zombies (Bailey)
  4 jellies
  6 orc priests
  2 hounds (D:5)
  Crazy Yiuf (D:6)
  A gnoll bouda (D:5)
  Jessica (D:2)
  6 iguanas
  17 orc wizards
  7 hell rats
  A troll simulacrum (IceCv)
  A polar bear simulacrum (IceCv)
  15 gnolls
  6 adders
  4 shadow imps
  16 white imps
  10 dart slugs
  89 orcs
  7 ball pythons
  5 endoplasms
  3 giant cockroaches
  7 goblins
  5 hobgoblins
  8 jackals
  11 kobolds
  2 quokkas
  5 bats
  A frilled lizard (D:3)
  14 orc zombies (Bailey)
  6 rats
  An aspiring flesh (Zot:3)
1091 creatures vanquished.

Vanquished Creatures (collateral kills)
  Xtahua (Depths:4)
  Boris (Depths:4)
  Bai Suzhen (Vaults:3)
  Margery (Vaults:3)
  3 golden dragons
  Jorgrun (Orc:1)
  Asterion (Snake:2)
  A tentacled monstrosity (Vaults:5)
  3 deep elf master archers
  A deep elf blademaster (Elf:3)
  5 titans
  2 quicksilver dragons (Zot:4)
  5 sphinxes
  A tengu reaver (Vaults:5)
  A storm dragon (Depths:1)
  A shadow dragon (Depths:4)
  Kirke (Lair:5)
  A thorn hunter (Swamp:4)
  A draconian monk (Zot:4)
  3 nagarajas
  A protean progenitor (Zot:4)
  A draconian knight (Zot:4)
  4 deep elf sorcerers
  2 fire giants
  5 frost giants
  4 imperial myrmidons (Desolation)
  2 deep elf elementalists
  7 vault wardens
  An angel (Vaults:2)
  A draconian stormcaller (Zot:1)
  2 orc warlords (Vaults:3)
  12 ironbound preservers
  3 ironbound thunderhulks
  A formless jellyfish (Vaults:3)
  11 stone giants
  27 very ugly things
  4 deep elf death magi
  A black draconian (Zot:4)
  7 deep elf annihilators
  2 deep elf demonologists (Elf:3)
  A yellow draconian (Zot:4)
  2 eleionomae
  The ghost of Hiesugao the Brawler, a journeyman DrMo of Yredelemnul (D:15)
  2 halazid warlocks (Desolation)
  7 dire elephants
  3 bunyips
  A red draconian (Depths:4)
  A purple draconian (Zot:4)
  2 white draconians
  3 spark wasps
  6 ettins
  3 yaktaur captains
  Josephine (Orc:1)
  5 ragged hierophants (Desolation)
  2 shambling mangroves (Swamp:4)
  6 fire dragons
  The ghost of bezhaha the Grappler, a journeyman TrSh of Uskayaw (D:10)
  3 deep elf high priests
  14 vault guards
  Fannar (Orc:1)
  2 great orbs of eyes
  2 peacekeepers
  4 rakshasas
  11 anacondas
  5 salamander tyrants (Snake:4)
  15 hydras
  3 servants of whispers (Desolation)
  A ghost crab (Swamp:4)
  A catoblepas (D:15)
  A spriggan air mage (Depths:2)
  3 centaur warriors (Vaults:4)
  3 ice dragons
  The ghost of SkaryMonk the Protected, a journeyman AtWr of Hepliaklqana (Lair:1)
  2 boulder beetles
  Erica (Orc:1)
  6 alligators
  5 two-headed ogres
  5 ironbound frosthearts
  15 dancing weapons
  A merfolk avatar (Lair:5)
  4 tengu warriors
  4 deep troll earth magi
  6 naga warriors (Snake:4)
  6 deep troll shamans
  2 occultists
  5 orc high priests
  4 shock serpents
  12 naga sharpshooters
  9 deep elf knights
  2 spriggan berserkers
  Nergalle (Orc:2)
  A titan skeleton (Depths:3)
  5 salamander mystics
  15 hell knights
  A sea snake (shapeshifter) (Depths:1)
  6 goliath frogs
  5 sea snakes
  36 deep trolls
  3 iron trolls
  2 flayed ghosts
  3 skeletal warriors (D:15)
  3 bog bodies
  3 spriggan druids
  A glowing orange brain (D:14)
  2 cherubim (Elf:3)
  An orb spider (Zot:4)
  A shadow dragon zombie (Depths:3)
  4 naga ritualists
  11 swamp dragons (Swamp:4)
  10 ironbound convokers
  7 deep elf archers
  5 lindwurms
  15 mana vipers
  12 orc knights
  2 arcanists
  2 harpies (Vaults:2)
  3 necromancers (Vaults:5)
  33 ugly things
  3 oklob plants (Lair:3)
  3 orc sorcerers (Orc:2)
  24 deep elf pyromancers
  2 manticores (Lair:5)
  A stone giant zombie (Vaults:3)
  A shadow dragon skeleton (Depths:3)
  A shining eye (shapeshifter) (Depths:1)
  A will-o-the-wisp (Swamp:4)
  15 deep elf zephyrmancers
  19 salamanders
  A wolf spider (D:15)
  A wolf spider (shapeshifter) (Depths:2)
  An elephant (Lair:5)
  3 cyclopes
  A kobold blastminer (Orc:1)
  12 vault sentinels
  2 moths of wrath
  30 black mambas
  A black mamba (shapeshifter) (Elf:3)
  An ice statue (Lair:2)
  8 naga magi
  A water nymph (D:15)
  6 guardian serpents (Snake:4)
  A fire giant skeleton (Depths:2)
  A molten gargoyle (Desolation)
  3 cane toads
  A gargoyle (D:12)
  A torpor snail (Lair:5)
  3 rime drakes (Lair:5)
  30 yaktaurs
  A golden dragon simulacrum (Depths:3)
  2 freezing wraiths (Vaults:5)
  3 komodo dragons (Lair:5)
  A polar bear (Lair:5)
  A merfolk (Zot:3)
  3 trolls
  2 wind drakes (Lair:5)
  A wind drake (shapeshifter) (Vaults:5)
  A tengu simulacrum (Vaults:3)
  12 dream sheep (Lair:5)
  8 hornets
  29 saltlings (Desolation)
  A blink frog (Lair:5)
  4 tyrant leeches
  A blink frog (shapeshifter) (D:14)
  An air elemental (Elf:2)
  A slime creature (shapeshifter) (Elf:3)
  5 spriggans
  A shadow (D:13)
  26 slime creatures
  2 vampires (D:13)
  5 water elementals
  3 wyverns (Lair:5)
  2 hogs (Lair:5)
  3 wraiths
  A yak (shapeshifter) (D:13)
  A fire elemental (Elf:3)
  17 yaks
  A basilisk (D:15)
  A warg (Orc:2)
  A steam dragon (Lair:5)
  16 vampire mosquitoes
  12 swamp worms
  A glowing shapeshifter zombie (Depths:3)
  29 nagas
  A water moccasin (Lair:5)
  2 nameless horrors
  9 orc warriors
  A glowing shapeshifter skeleton (Depths:2)
  7 swamp drakes
  8 ogres
  3 centaurs (D:15)
  3 wolves (Lair:5)
  A lemure (D:6)
  2 earth elementals (Elf:3)
  A bullfrog (D:6)
  A gnoll sergeant (D:9)
  16 killer bees
  2 vampire bats (Bailey)
  4 electric eels (Snake:2)
  3 wolf zombies (Bailey)
  A hound (D:6)
  10 orc priests
  10 orc wizards
  4 hell rats (Lair:1)
  A gnoll (D:2)
  8 orc zombies (Bailey)
  A shadow imp (D:6)
  A white imp (D:11)
  35 orcs
  An endoplasm (D:3)
  2 goblins (D:10)
  A ball python (D:1)
  3 kobolds (D:6)
  A butterfly (Lair:5)
  A spectral weapon (Snake:2)
1053 creatures vanquished.

Vanquished Creatures (others)
  A draconian annihilator (Zot:1)
  An orc warlord (Vaults:4)
  A dire elephant (Vaults:1)
  A salamander tyrant (Snake:4)
  A goliath frog (Swamp:2)
  3 bloated husks
  2 hornets
  A wind drake (shapeshifter) (Depths:4)
  A slime creature (Vaults:1)
  A wraith (D:6)
  A vampire (D:11)
  An orc warrior (D:10)
  A lemure (D:6)
  An iguana (D:5)
  An orc wizard (Orc:1)
  A spriggan simulacrum (IceCv)
  3 orcs
  16 foxfires
38 creatures vanquished.

Grand Total: 2182 creatures vanquished

Notes
Turn   | Place    | Note
-------+----------+-------------------------------------------
     0 | D:1      | Ge0ff the Vampire Necromancer began the quest for the Orb.
     0 | D:1      | Reached XP level 1. HP: 13/13 MP: 3/3
   376 | D:1      | Reached XP level 2. HP: 20/20 MP: 3/5
   603 | D:1      | Reached skill level 1 in Fighting
   946 | D:1      | Gained mutation: You are afflicted with vampirism and can
                  | become a bat while bloodless. [Vampire growth]
   946 | D:1      | Reached XP level 3. HP: 16/26 MP: 1/6
   955 | D:1      | Learned a level 3 spell: Vampiric Draining
  1397 | D:2      | Noticed Jessica
  1472 | D:2      | Noticed Sigmund
  1490 | D:2      | Killed Sigmund
  1491 | D:2      | Reached skill level 6 in Necromancy
  1491 | D:2      | Reached XP level 4. HP: 5/32 MP: 3/8
  1491 | D:2      | Reached XP level 5. HP: 6/37 MP: 3/9
  1920 | D:2      | Reached skill level 7 in Necromancy
  2389 | D:2      | Killed Jessica
  2390 | D:2      | Reached XP level 6. HP: 43/43 MP: 7/10
  2481 | D:3      | Identified the -1 buckler "Ydoynyol" {rN+ rCorr}
  2627 | D:3      | Found a basalt altar of Yredelemnul.
  2630 | D:3      | Found a snail-covered altar of Cheibriados.
  2631 | D:3      | Found a shadowy altar of Dithmenos.
  2632 | D:3      | Found a radiant altar of Vehumet.
  2632 | D:3      | Found an ancient bone altar of Kikubaaqudgha.
  2780 | D:3      | Found a shimmering altar of Xom.
  3683 | D:3      | Found a shadowy altar of Dithmenos.
  3683 | D:3      | Found a radiant altar of Vehumet.
  3683 | D:3      | Found a basalt altar of Yredelemnul.
  3685 | D:3      | Found an ancient bone altar of Kikubaaqudgha.
  3686 | D:3      | Found a snail-covered altar of Cheibriados.
  3735 | D:3      | Found a shimmering altar of Xom.
  3827 | D:3      | Found a basalt altar of Yredelemnul.
  3831 | D:3      | Found a snail-covered altar of Cheibriados.
  3834 | D:3      | Found a shadowy altar of Dithmenos.
  3835 | D:3      | Found a radiant altar of Vehumet.
  3835 | D:3      | Found an ancient bone altar of Kikubaaqudgha.
  3994 | D:3      | Found a shimmering altar of Xom.
  4161 | D:4      | Reached skill level 1 in Shields
  4232 | D:4      | Identified the +3 leather armour "Hatwom" {-Tele rPois
                  | rN+++ Dex-3}
  4592 | D:5      | Entered Level 5 of the Dungeon
  4604 | D:5      | Found a staircase to the Ecumenical Temple.
  4612 | D:5      | Reached XP level 7. HP: 50/50 MP: 9/12
  4814 | Temple   | Entered the Ecumenical Temple
  4821 | Temple   | Became a worshipper of Ashenzari the Shackled
  5156 | D:5      | Found a shimmering blue altar of Sif Muna.
  5593 | D:5      | Reached skill level 8 in Necromancy
  5733 | D:5      | Found a blossoming altar of Fedhas.
  6050 | D:6      | Noticed Prince Ribbit
  6060 | D:6      | Killed Prince Ribbit
  6061 | D:6      | Reached skill level 5 in Spellcasting
  6061 | D:6      | Reached XP level 8. HP: 56/56 MP: 2/15
  6159 | D:6      | Found Nyrit's Antique Weapon Emporium.
  6226 | D:6      | Reached skill level 9 in Necromancy
  6232 | D:6      | Learned a level 3 spell: Stone Arrow
  6269 | D:6      | Reached skill level 1 in Earth Magic
  6415 | D:6      | Reached skill level 1 in Conjurations
  6415 | D:6      | Reached skill level 1 in Evocations
  7001 | D:6      | Found an ornate altar of the Wu Jian Council.
  7058 | D:6      | Noticed Pikel
  7086 | D:6      | Killed Pikel
  7087 | D:6      | Reached XP level 9. HP: 61/61 MP: 5/16
  7333 | D:6      | Found a runed translucent door.
  7334 | D:6      | Noticed Crazy Yiuf
  7342 | D:6      | Killed Crazy Yiuf
  7695 | D:7      | Reached * piety under Ashenzari
  8175 | D:7      | Reached skill level 5 in Earth Magic
  8693 | D:7      | Noticed Jeremiah
  8713 | D:7      | Killed Jeremiah
  8714 | D:7      | Reached skill level 10 in Necromancy
  9035 | D:7      | Reached ** piety under Ashenzari
  9312 | D:8      | Found a staircase to the Lair.
  9313 | D:8      | Noticed an elephant
  9321 | D:7      | Reached XP level 10. HP: 37/71 MP: 13/19
  9327 | D:7      | Reached skill level 1 in Polearms
  9908 | D:8      | Reached skill level 5 in Conjurations
 10026 | D:7      | Learned a level 1 spell: Apportation
 10031 | D:7      | Learned a level 4 spell: Summon Ice Beast
 10456 | D:8      | Killed an elephant
 10457 | D:8      | Reached skill level 1 in Summonings
 10457 | D:8      | Reached skill level 1 in Ice Magic
 11654 | D:8      | Found a staircase to the Lair.
 12228 | D:9      | Noticed a two-headed ogre
 12233 | D:9      | Killed a two-headed ogre
 12314 | D:9      | Found Tuissoirph's Book Emporium.
 12490 | D:9      | Reached *** piety under Ashenzari
 12850 | D:9      | Found Winni's Assorted Antiques.
 12861 | D:9      | Found Cumydd's Book Shop.
 12862 | D:9      | Bought a scroll labelled ODWOCSEMUE for 28 gold pieces
 12867 | D:9      | Bought a book of Changes for 288 gold pieces
 12867 | D:9      | Acquired the +2 pair of boots "Kynk" {rElec Will+ rCorr
                  | Str-2}
 12875 | D:9      | Found Fumn's General Store.
 12926 | D:9      | Found Gokkaf's General Store.
 12931 | D:9      | Bought a scroll of poison for 56 gold pieces
 12949 | D:9      | Reached **** piety under Ashenzari
 12973 | D:9      | Found a burning altar of Makhleb.
 13530 | D:9      | Learned a level 5 spell: Irradiate
 13550 | D:10     | Entered Level 10 of the Dungeon
 13560 | D:10     | Found a flagged portal.
 13663 | Bailey   | Entered a bailey
 13803 | Bailey   | Noticed a gargoyle
 13813 | Bailey   | Killed a gargoyle
 13941 | Bailey   | Identified the ring of Gacviul {rF+ rN+ Dex+6 Stlth+}
 14084 | Bailey   | Reached skill level 1 in Transmutations
 14090 | Bailey   | Reached XP level 11. HP: 77/78 MP: 17/22
 14409 | Bailey   | Identified the +1 robe of Activism {rN+}
 14411 | Bailey   | Identified the Monograph on Indurated Graupel
 14484 | Bailey   | Identified the +1 buckler "Midizualy" {Will+}
 14512 | Bailey   | Reached XP level 12. HP: 84/85 MP: 13/23
 14642 | D:10     | Identified the amulet "Tis Jusa" {Spirit Int+4}
 14694 | D:10     | Found a large runed translucent door.
 14694 | D:10     | Found a large runed translucent door.
 14696 | D:10     | Noticed bezhaha's ghost (journeyman TrSh)
 15397 | D:10     | Found a staircase to the Orcish Mines.
 15962 | D:11     | Found Sieqaty's Assorted Antiques.
 15966 | D:11     | Noticed a two-headed ogre
 15972 | D:11     | Killed a two-headed ogre
 16093 | D:11     | Bought a scroll of immolation for 116 gold pieces
 16177 | D:11     | Found a frozen archway.
 16323 | IceCv    | Entered an ice cave
 16405 | IceCv    | Reached skill level 5 in Summonings
 17441 | IceCv    | Reached skill level 5 in Stealth
 18036 | D:11     | Noticed Snorg
 18047 | D:11     | Killed Snorg
 18396 | D:11     | Reached skill level 5 in Fighting
 18437 | D:11     | Found an iron altar of Okawaru.
 18465 | D:11     | Reached XP level 13. HP: 95/95 MP: 17/26
 18922 | D:11     | Reached ***** piety under Ashenzari
 19247 | D:11     | Learned a level 5 spell: Summon Mana Viper
 19247 | D:11     | Upgraded the game from 0.31-a0-1291-g5386780bc2 to
                  | 0.31-a0-1301-g7e11add784
 19314 | Lair:1   | Entered Level 1 of the Lair of Beasts
 19314 | Lair:1   | Found a runed translucent gate.
 19314 | Lair:1   | Found a runed translucent gate.
 19314 | Lair:1   | Found a runed translucent gate.
 19315 | Lair:1   | Noticed SkaryMonk's ghost (journeyman AtWr)
 19342 | Lair:1   | Reached skill level 1 in Hexes
 19906 | Lair:1   | Learned a level 7 spell: Monstrous Menagerie
 21431 | Lair:2   | Reached skill level 1 in Armour
 22646 | Lair:2   | Identified the ring of Bemah {Fly Will+}
 22925 | Lair:2   | Found a staircase to the Swamp.
 23710 | Lair:3   | Identified Zaexin's Elucidation of Arcane Weapons
 23733 | Lair:3   | Reached skill level 10 in Summonings
 24105 | Lair:3   | Learned a level 4 spell: Iskenderun's Mystic Blast
 24427 | Lair:3   | Found a staircase to the Snake Pit.
 24540 | Lair:3   | Reached skill level 1 in Translocations
 24789 | Lair:3   | Reached XP level 14. HP: 106/106 MP: 22/30
 25181 | Lair:4   | Acquired a +2 demon trident of venom
 25925 | Lair:5   | Entered Level 5 of the Lair of Beasts
 26165 | Lair:5   | Found a staircase to the Slime Pits.
 26387 | Lair:5   | Noticed Kirke
 26766 | Lair:5   | Reached skill level 5 in Dodging
 27478 | Lair:5   | Reached ****** piety under Ashenzari
 27931 | Lair:5   | Identified the +10 rapier of Makhleb's Benevolence {pain,
                  | rElec rCorr Int+2 Dex+2}
 28136 | Lair:5   | Noticed a sphinx
 28145 | Lair:5   | Killed Kirke
 28862 | Lair:5   | Found a staircase to the Slime Pits.
 29484 | Lair:1   | Killed SkaryMonk's ghost
 29679 | D:10     | Killed bezhaha's ghost
 29887 | Orc:1    | Entered Level 1 of the Orcish Mines
 29893 | Orc:1    | Noticed Erica
 29901 | Orc:1    | Killed Erica
 29902 | Orc:1    | Reached XP level 15. HP: 103/117 MP: 8/32
 30101 | Orc:1    | Noticed Fannar
 30109 | Orc:1    | Killed Fannar
 30276 | Orc:2    | Entered Level 2 of the Orcish Mines
 30302 | Orc:2    | Reached skill level 5 in Polearms
 30393 | Orc:1    | Found Xiyfrygi's Book Shoppe.
 30852 | Orc:1    | Noticed Josephine
 30859 | Orc:1    | Killed Josephine
 30977 | Orc:1    | Noticed Nergalle
 31103 | Orc:1    | Noticed Jorgrun
 31113 | Orc:2    | Killed Nergalle
 31410 | Orc:1    | Killed Jorgrun
 32359 | Orc:2    | Found a staircase to the Elven Halls.
 32869 | Orc:2    | Found Wyrphumm's Jewellery Shop.
 32869 | Orc:2    | Found Ynuchof's Book Emporium.
 32871 | Orc:2    | Found Saah's Assorted Antiques.
 32871 | Orc:2    | Found Pogaoh's General Store.
 32881 | Orc:2    | Bought a scroll of fog for 48 gold pieces
 32881 | Orc:2    | Bought a scroll of immolation for 48 gold pieces
 32899 | Orc:2    | Found a staircase to the Elven Halls.
 36576 | D:14     | Found a shimmering blue altar of Sif Muna.
 36586 | D:14     | Identified Sif Muna's Dissertation on Vapour
 36784 | Orc:2    | Bought an Inescapable Atlas for 240 gold pieces
 36787 | Orc:2    | Learned a level 2 spell: Blink
 37328 | D:14     | Reached skill level 10 in Spellcasting
 37330 | D:14     | Found a gate to the Vaults.
 37456 | D:15     | Entered Level 15 of the Dungeon
 37758 | D:15     | Found a transporter.
 37824 | D:15     | Found a transporter.
 37825 | D:15     | Noticed Hiesugao's ghost (journeyman DrMo)
 38032 | D:15     | Found a staircase to the Depths.
 38374 | Orc:1    | Bought a book of Decay for 420 gold pieces
 38379 | Orc:1    | Learned a level 4 spell: Dispel Undead
 38828 | D:15     | Found Neistienuw's Demolitions Depot.
 39201 | D:15     | Reached XP level 16. HP: 108/127 MP: 17/34
 39464 | D:15     | Killed Hiesugao's ghost
 39859 | D:15     | Identified the cursed +0 cloak of Ashenzari's Malaise
                  | {Melee, Fort} (You took it off Crazy Yiuf on level 6 of the
                  | Dungeon)
 39859 | D:15     | Identified the cursed +1 helmet of Supernal Understanding
                  | {Self, Elem} (You found it on level 4 of the Lair of
                  | Beasts)
 39859 | D:15     | Identified the cursed +0 pair of gloves of Ashenzari's
                  | Planets {Dev, Melee} (You found it on level 2 of the
                  | Dungeon)
 39859 | D:15     | Identified the cursed +3 leather armour of the Oracular
                  | Sphere {rC+ rF+, Comp, Elem} (You found it in an ice cave)
 39859 | D:15     | Identified the cursed ring of Ashenzari's Vision {Int+6,
                  | Comp, Elem} (You found it on level 3 of the Dungeon)
 40079 | Snake:1  | Entered Level 1 of the Snake Pit
 40542 | Snake:1  | Identified Vehumet's Spellbook of Variable Momentum
 41559 | Snake:1  | Found Tezxih's Neck Hole.
 42020 | Snake:1  | Learned a level 7 spell: Spellforged Servitor
 42390 | Snake:2  | Found Ofasae's Antique Armour Emporium.
 43223 | Snake:2  | Reached skill level 15 in Summonings
 44158 | Snake:2  | Noticed Asterion
 44161 | Snake:2  | Noticed an Executioner
 44172 | Snake:2  | Killed Asterion
 44869 | Snake:3  | Identified the +7 hand axe "Cano" {pain, Str+3}
 46615 | Snake:4  | Entered Level 4 of the Snake Pit
 46976 | Snake:4  | Reached XP level 17. HP: 133/133 MP: 22/36
 48037 | Snake:4  | Learned a level 8 spell: Lehudib's Crystal Spear
 49314 | Snake:4  | Reached skill level 5 in Shields
 50180 | Snake:4  | Got a serpentine rune of Zot
 50577 | D:11     | Bought a scroll of acquirement for 1508 gold pieces
 50577 | D:11     | Bought a scroll of teleportation for 87 gold pieces
 50577 | D:11     | Acquired the scarf "Bemuel" {rC+ rF+, +Blink rPois rN++
                  | Int-4}
 50708 | Swamp:1  | Entered Level 1 of the Swamp
 50715 | Swamp:1  | Reached skill level 10 in Earth Magic
 51114 | Swamp:1  | Reached skill level 10 in Conjurations
 51302 | Swamp:1  | Identified the maw talisman of Stoicism {*Corrode Fly rElec
                  | Str+7}
 53356 | Swamp:3  | Reached XP level 18. HP: 140/142 MP: 29/38
 55254 | Swamp:4  | Entered Level 4 of the Swamp
 57176 | Swamp:4  | Got a decaying rune of Zot
 57898 | Elf:1    | Entered Level 1 of the Elven Halls
 58564 | Elf:1    | Found a huge runed translucent gate.
 58565 | Elf:1    | Found a huge runed translucent gate.
 58566 | Elf:1    | Found a huge runed translucent gate.
 58566 | Elf:1    | Found a huge runed translucent gate.
 58569 | Elf:1    | Found a huge runed translucent gate.
 58569 | Elf:1    | Found a huge runed translucent gate.
 58572 | Elf:1    | Found a huge runed translucent gate.
 58572 | Elf:1    | Found a huge runed translucent gate.
 58572 | Elf:1    | Found a huge runed translucent gate.
 58573 | Elf:1    | Found a huge runed translucent gate.
 58573 | Elf:1    | Found a huge runed translucent gate.
 58573 | Elf:1    | Found a huge runed translucent gate.
 58573 | Elf:1    | Found a huge runed translucent gate.
 58573 | Elf:1    | Found a huge runed translucent gate.
 58574 | Elf:1    | Found a huge runed translucent gate.
 58574 | Elf:1    | Found a huge runed translucent gate.
 58577 | Elf:1    | Found a huge runed translucent gate.
 58577 | Elf:1    | Found a huge runed translucent gate.
 58577 | Elf:1    | Found a huge runed translucent gate.
 58577 | Elf:1    | Found a huge runed translucent gate.
 60328 | Elf:2    | Paralysed by an air elemental for 1 turns
 60332 | Elf:2    | Paralysed by an air elemental for 1 turns
 61064 | Elf:2    | Found a runed translucent gate.
 61064 | Elf:2    | Found a runed translucent gate.
 61064 | Elf:2    | Found a runed translucent gate.
 61729 | Elf:2    | Reached XP level 19. HP: 125/150 MP: 16/39
 61972 | Elf:2    | Reached skill level 10 in Polearms
 63054 | Elf:3    | Entered Level 3 of the Elven Halls
 63331 | Elf:3    | Identified the Tempter's Folio of Forbidden Fruit
 63518 | Elf:3    | Learned a level 5 spell: Lee's Rapid Deconstruction
 63597 | Elf:3    | Found Ufestren's Magic Scroll Emporium.
 63662 | Elf:3    | Bought a scroll of acquirement for 520 gold pieces
 63662 | Elf:3    | Acquired 875 gold pieces
 63671 | Elf:3    | Paralysed by an air elemental for 1 turns
 63745 | Elf:3    | Reached skill level 10 in Fighting
 64594 | Elf:3    | Identified the +7 quarterstaff "Alaenoss" {pain, rC+}
 64594 | Elf:3    | Identified the ring "Rimeophi" {rF+ rN+ Str+3 Int-2 Slay+4}
 65147 | Elf:3    | Identified the ring "Alolad" {Fire Will+ Dex+3}
 65356 | Elf:3    | Found Ufestren's Magic Scroll Emporium.
 65893 | Elf:3    | Identified the +3 mace "Voevav" {antimagic, rElec Str+2
                  | Int+2}
 65893 | Elf:3    | Identified the +2 robe "Patus" {+Blink}
 65900 | Elf:3    | Noticed a Tzitzimitl
 66548 | Elf:3    | Found Ufestren's Magic Scroll Emporium.
 67045 | Elf:3    | Found the +7 hand cannon "Mule" {flame, backblast, rF+}
 67049 | Elf:3    | Identified the +4 chain mail "Ciang" {Str-3 Dex+5}
 67339 | Elf:3    | Identified the staff of Areumal {rPois SInv Poison}
 67394 | Elf:3    | Identified the +7 dagger of Uskayaw, Flying {speed, rC+
                  | Str+2 Int-2 SInv}
 67398 | Elf:3    | Identified the Handbook of Luminous Beguiling
 67402 | Elf:3    | Identified the ring of Law {rPois rC+ MP+9}
 67402 | Elf:3    | Identified the Vademecum on the Pneumatic Chill
 67731 | D:9      | Bought a box of beasts for 560 gold pieces
 67876 | Vaults:1 | Entered Level 1 of the Vaults
 68821 | Vaults:1 | Reached skill level 5 in Armour
 68823 | Vaults:1 | Reached XP level 20. HP: 86/164 MP: 12/43
 69671 | Vaults:1 | Reached skill level 11 in Necromancy
 70469 | Vaults:1 | Reached skill level 12 in Necromancy
 71909 | Vaults:2 | Found a crumbling gateway.
 72004 | Desolati | Entered the Desolation of Salt
 72017 | Desolati | Reached skill level 13 in Necromancy
 72131 | Desolati | Identified the amulet "Tys Pao" {Faith Str+3}
 72399 | Desolati | Identified the ring of Departure {Fly rN+ Will+ Dex+2}
 72399 | Desolati | Identified the +5 scale mail of Lisineh {+Blink rF- Slay+5
                  | Stlth+}
 72400 | Desolati | Identified the ring of Liaraxi {rElec Str+6}
 72406 | Desolati | Identified the +2 mace "Killer Bee's Bane" {venom, ^Drain
                  | Str+3 Int+4}
 72471 | Desolati | Reached skill level 14 in Necromancy
 73304 | Desolati | Reached skill level 15 in Necromancy
 73420 | Desolati | Found the +10 Black Knight's barding {ponderous, rPois rN+}
 73507 | Desolati | Identified the ring "Zaggan" {rF+ SInv}
 73507 | Desolati | Identified the +0 scale mail of a bailey {rC+ Will+ Regen+}
 74582 | Vaults:2 | Found Ikorph's Antique Armour Emporium.
 74591 | Vaults:2 | Bought a shimmering leather armour for 175 gold pieces
 74591 | Vaults:2 | Identified the +3 leather armour of Ficaudos {Harm rPois}
                  | (You bought it in a shop on level 2 of the Vaults)
 75498 | Vaults:2 | Found a staircase to the Crypt.
 75815 | Vaults:3 | Reached XP level 21. HP: 103/172 MP: 17/44
 76051 | Vaults:3 | Reached skill level 1 in Throwing
 76346 | Vaults:3 | Found Raudeuwu's General Store.
 76355 | Vaults:3 | Bought a scroll of poison for 92 gold pieces
 76679 | Vaults:3 | Identified the +10 trident of Purpose {antimagic, rF- Str+5
                  | Stlth+}
 77106 | Vaults:3 | Noticed Bai Suzhen
 77207 | Vaults:3 | Killed Bai Suzhen
 77208 | Vaults:3 | Reached skill level 16 in Necromancy
 77220 | Vaults:3 | Noticed Boris
 77224 | Vaults:3 | Noticed Margery
 77745 | Vaults:3 | Killed Boris
 78133 | Vaults:3 | Killed Margery
 78802 | Vaults:3 | Found Raudeuwu's General Store.
 79617 | Vaults:4 | Learned a level 5 spell: Borgnjor's Vile Clutch
 79776 | Vaults:4 | Reached skill level 5 in Throwing
 80183 | Vaults:4 | Noticed Boris
 80198 | Vaults:4 | Killed Boris
 80199 | Vaults:4 | Reached skill level 5 in Evocations
 81946 | Depths:1 | Entered Level 1 of the Depths
 81946 | Depths:1 | Found a shadowy altar of Dithmenos.
 82244 | Depths:1 | Reached skill level 17 in Necromancy
 82651 | Depths:1 | Found a gateway to Hell.
 82810 | Depths:1 | Reached XP level 22. HP: 182/182 MP: 30/46
 83037 | D:9      | Bought the Volume of Twisted Ill Luck for 396 gold pieces
 83040 | D:9      | Learned a level 2 spell: Sublimation of Blood
 83204 | Depths:1 | Found a one-way gate to the infinite horrors of the Abyss.
 83260 | Depths:1 | Found a one-way gate leading to the halls of Pandemonium.
 83570 | Depths:1 | Identified the +5 morningstar of Experimentation {elec,
                  | rPois Dex+4}
 84224 | Depths:1 | Identified the serpent talisman of Foolhardiness {Str+5}
 86215 | Depths:2 | Reached skill level 15 in Spellcasting
 88562 | Depths:3 | Noticed a golden dragon
 88991 | Depths:3 | Identified the +1 cloak of Cheibriados's Favour {Stlth+}
 88996 | Depths:3 | Killed a golden dragon
 89396 | Depths:3 | Reached XP level 23. HP: 150/190 MP: 23/48
 90701 | Depths:3 | Learned a level 2 spell: Passwall
 90701 | Depths:3 | Found Fiestrem's Mass Market.
 90754 | Depths:3 | Found a runed translucent gate.
 90754 | Depths:3 | Found a runed translucent gate.
 90754 | Depths:3 | Found a runed translucent gate.
 90754 | Depths:3 | Noticed Turbonekonecno's ghost (veteran SpEn)
 90895 | Depths:3 | Killed Turbonekonecno's ghost
 90938 | Depths:4 | Entered Level 4 of the Depths
 91215 | Depths:4 | Noticed Boris
 91221 | Depths:4 | Killed Boris
 91222 | Depths:4 | Found a runed translucent gate.
 91222 | Depths:4 | Found a runed translucent gate.
 91222 | Depths:4 | Found a runed translucent gate.
 91224 | Depths:4 | Noticed ongoing's ghost (veteran AtFi)
 92092 | Depths:4 | Noticed Xtahua
 92107 | Depths:4 | Killed Xtahua
 92658 | Depths:4 | Identified the +8 flail of the Trees {heavy, Int+4}
 93071 | Depths:4 | Found a one-way gateway to a ziggurat.
 93638 | Depths:4 | Found a gate to the Realm of Zot.
 94029 | Depths:4 | Reached skill level 15 in Conjurations
 94198 | Depths:4 | Killed ongoing's ghost
 94644 | D:15     | Bought a wand of roots (5) for 216 gold pieces
 94644 | D:15     | Bought a lightning rod (4/4) for 720 gold pieces
 94855 | Vaults:5 | Entered Level 5 of the Vaults
 94936 | Vaults:5 | Noticed a dread lich
 94957 | Vaults:5 | Killed a dread lich
 95433 | Vaults:5 | Reached XP level 24. HP: 171/202 MP: 16/49
 95818 | Vaults:5 | Identified the +4 scale mail of Moral Flaws {rF+ rN+ Will+}
 96233 | Vaults:5 | Reached skill level 10 in Evocations
 97178 | Vaults:5 | Identified the +2 shortbow of Slime {antimagic, rElec}
 97441 | Vaults:5 | Identified the +3 scale mail of Bad Feelings {rN++ Str-4
                  | Int+3 Slay+4}
 97849 | Vaults:5 | Noticed a dread lich
 97859 | Vaults:5 | Killed a dread lich
 98570 | Vaults:5 | Identified the amulet "Otzonn" {Acrobat rElec SInv}
 98599 | Vaults:5 | Noticed an ancient lich
 98607 | Vaults:5 | Killed an ancient lich
 99213 | Vaults:5 | Identified Sif Muna's Catalogue of Hot Shifting
 99266 | Vaults:5 | Got a silver rune of Zot
 99360 | Vaults:5 | Identified the +2 leather armour of Fasaud {rElec Stlth+}
 99367 | Vaults:5 | Acquired 640 gold pieces
100017 | Elf:3    | Bought a scroll of teleportation for 30 gold pieces
100017 | Elf:3    | Bought a scroll of blinking for 75 gold pieces
100017 | Elf:3    | Bought a scroll of silence for 95 gold pieces
100017 | Elf:3    | Bought a scroll of teleportation for 30 gold pieces
100135 | Orc:2    | Bought a potion of enlightenment for 150 gold pieces
100135 | Orc:2    | Bought a scroll of revelation for 225 gold pieces
100237 | D:11     | Bought a wand of quicksilver (7) for 852 gold pieces
100311 | D:9      | Bought a potion of haste for 280 gold pieces
100311 | D:9      | Bought a potion of curing for 84 gold pieces
100311 | D:9      | Bought a scroll of blinking for 210 gold pieces
100328 | D:9      | Bought a potion of mutation for 128 gold pieces
100340 | D:9      | Bought a book of Misfortune for 576 gold pieces
100346 | D:9      | Learned a level 5 spell: Yara's Violent Unravelling
100638 | Zot:1    | Entered Level 1 of the Realm of Zot
100990 | Zot:1    | Reached skill level 18 in Necromancy
101812 | Zot:3    | Identified Upoger's Meditations on Helpful Movement
101812 | Zot:3    | Found the +7 great mace "Undeadhunter" {deathbane, rN+}
101813 | Zot:3    | Found a transporter.
101815 | Zot:3    | Identified the staff of Dividends {rPois rF- rN+ Str+2
                  | Int+3 Poison}
101815 | Zot:3    | Identified the ring "Zevukli" {^Contam rF+ rN+ rCorr Int+6}
101815 | Zot:3    | Identified the ring of Ziddazuf {rElec rF- MP+9 Int+6
                  | Dex+7}
102212 | Zot:3    | Reached skill level 10 in Stealth
102360 | Zot:4    | Reached XP level 25. HP: 174/210 MP: 23/49
103290 | Zot:4    | Reached skill level 10 in Dodging
104060 | Zot:4    | let's go
104061 | Zot:4    | You fall into a shaft and drop 1 floor!
104061 | Zot:5    | Entered Level 5 of the Realm of Zot
104062 | Zot:5    | meh
104223 | Zot:4    | You fall into a shaft and drop 1 floor!
104224 | Zot:5    | :(
104399 | Zot:5    | Noticed a dread lich
104402 | Zot:5    | Noticed an orb of fire
104402 | Zot:5    | Noticed a Killer Klown
104403 | Zot:5    | Noticed a Killer Klown
104403 | Zot:5    | Noticed a Killer Klown
104403 | Zot:5    | Noticed a dread lich
104403 | Zot:5    | Noticed a Killer Klown
104406 | Zot:5    | Got the Orb of Zot
104407 | Zot:5    | Noticed a dread lich
104407 | Zot:5    | Noticed an ancient lich
104407 | Zot:5    | Noticed an orb of fire
104409 | Zot:5    | :)
104775 | D:9      | Noticed Jezeri the pandemonium lord
104991 | D:$      | Escaped with the Orb!

Illustrated notes #......##.....###### ##......#.....## ## ##### ####............## ###. ###...####.....####.....######... ................................. ..?.....^........................ ...###........................... #### ###............####...[##### #.)......@...# #........# #...........## #........# ############# #...##...# #...###### #...# #...# ##### Turn 104060 on Zot:4: let's go ,** *,,,,,,,,,,, ** **,,,,,,,,,,, * *,,,,,,,,,,,, ************,**** ,,,* *,,,,, **,***#### *,**** **,,,,,..# *,* *******#D#**+**** *******#@#,,,,,,, ,,,{,,*#.#,,,,,,, *****,,..+,,,,,,, * *,##.#,,,,,,, * *,*#.#∆,,,,,, *****,*#.#,,,,,,, ,,,,,,,..#,,,,,,, *******###,,,,,,, * *,,,{,,, Turn 104062 on Zot:5: meh *,*,,,,,,**,,,* *******,,{,******,*,* ,,,,,,,,,,,* **,,,# *******,*,,** **,,*.# *,**,,***,,*#.# *,,**,,,,,*#..# **,,**,,,##..#* **,,**,##..#* **,,**#.@#* **,,#..## ***###* Turn 104224 on Zot:5:

:( ,* *,,,,,,,,,,,,,*
*,,,,..{q... ,*
**,,,,,{,,,{,**
*,,,,....{.. ,*
*,,,,,,,,,,,*
*,,,,.qqX... ,*
**,,,,,,,,,,,**
*,,,,d...... **
*,,,,,,,,,,,,,*
**,,,....d..
#▓▓##..........,,,**
**{,...L...
▓▓▓#...........∆,,,*
**,.......
▓▓▓########.######**
▓▓#*#######
..#########.....@# #.#
*,,, #.#########.######
#.# *,,, #.......###.###
#.# *,,,
#######†###+###########.#
*,,,
#######.#............⌠#.#
*,,,
.....##.#.............#.#
*,,,
####....'..........<..#.#
*,,,
####.##.#....)........#.#
*,,,
####.##.#)............#.#
*,,,


Turn 104409 on Zot:5: :)

Levels and vault maps discovered:
D:1:      sevenhm_arrival_forest_fort_large_4, layout_loops_ring,
          chequers_avenue, serial_park_tiny_2
D:2:      layout_basic, uniq_sigmund, uniq_jessica
D:3:      layout_rooms, grunt_temple_overflow_open,
          mainiacjoe_overflow_alcove_1, nicolae_elyvilon_temple_path,
          nicolae_the_louvre
D:4:      layout_rooms
D:5:      kennysheep_slugbush, layout_basic, kennysheep_little_box,
          mainiacjoe_overflow_concentric_impassable,
          mainiacjoe_overflow_catwalk, minmay_temple_entry_stoned_glass,
          lemuel_flamethrower_2
D:6:      layout_basic, nicolae_wu_jian_wuxing_cycle, serial_shops, shop,
          uniq_prince_ribbit1, uniq_crazy_yiuf_cottage, uniq_pikel
D:7:      layout_gridville, grunt_ministairs_9, uniq_jeremiah
D:8:      layout_basic, david_lair_generic
D:9:      layout_layer_cave, lightli_temple_of_fire, serial_shops,
          nicolae_book_shop_shelving, shop, nicolae_shop_just_a_little_nook,
          shop, shop, minivault_23, minmay_misc_feat_cross
D:10:     layout_basic, david_orc_4, ebering_ghost_disaster_area,
          enter_bailey_5, special_room [special_room_orc]
D:11:     layout_rooms, serial_shops, shop, serial_bayou, serial_bayou_lagoon_a,
          serial_bayou_shore_a, serial_bayou_ford_a, serial_bayou_pond_e,
          portal_ice_cave_entry_imps, st_stairs_2, okawaru_trees_2, uniq_snorg
D:12:     layout_basic
D:13:     minmay_goldmine, layout_cave_pods
D:14:     layout_long_grid, hellmonk_vaults_order_and_chaos, led_sif_book
D:15:     hangedman_depths_entry_try_elsewhere_first, layout_basic,
          gammafunk_ghost_hive, hangedman_decor_push, nicolae_blasting_shop,
          minmay_statues_item
Temple:   eino_wide_crystal_templ
Lair:1:   layout_layer_cave, gammafunk_ghost_hydra_chop, lemuel_fruit_tree
Lair:2:   layout_roguey [special_room_bee], minmay_swamp_entry_reptiles,
          minmay_hedge_maze, ice2_lemuel
Lair:3:   layout_regular_city, minmay_snake_entry_guardpost_small, dpeg_oklob_1
Lair:4:   layout_hall_layers, nicolae_lair_lil_pond
Lair:5:   gammafunk_lair_ancient_temple, layout_big_grid, slime_entry_1,
          lemuel_fruit_fields, uniq_kirke
Swamp:1:  layout_falls_marsh, hangedman_swamp_ruin_wall, swamp_pool_3,
          nicolae_swamp_tree_isthmus
Swamp:2:  layout_falls_marsh, evilmike_swamp_ruin_rubble_2
Swamp:3:  layout_basic_swamp, serial_swamp_ruin, evilmike_swamp_ruin_house_2,
          evilmike_swamp_ruin_house_3, evilmike_swamp_ruin_house_5,
          swamp_pool_1_2, nicolae_swamp_decorative_isthmus
Swamp:4:  swamp_alternative, layout_basic_swamp, swamp_pool_1_2,
          nicolae_swamp_long_stream
Snake:1:  layout_misc_corridors, nicolae_shop_sticking_my_neck_out
Snake:2:  layout_grid_maze, drop_trap, serial_bayou_pond_a,
          nicolae_stop_n_shop_1, nicolae_snake_snake_lake,
          chequers_hall_statues_corner_a, nicolae_snake_squiggles, uniq_asterion
Snake:3:  layout_concentric_octagons, st_stairs_10
Snake:4:  snake_pit_salamanders_mu, layout_cave_town, grunt_megastairs_3
Orc:1:    cheibrodos_orc_arena, layout_caves, basic_altar, serial_shops, shop,
          uniq_erica, uniq_nergalle, uniq_fannar, uniq_jorgrun, uniq_josephine
Orc:2:    grunt_orc_tribal_feast, layout_diamond_mine, blackcustard_rock_pile
Elf:1:    elf_arrival_001, layout_gridlike, hangedman_elf_represent,
          elves_outpost_lemuel
Elf:2:    nicolae_elf_blades_crystal_corner, layout_geoelf_octagon
Elf:3:    minmay_elf_hall_circle, layout_onion_city, serial_shops,
          nicolae_square_shop, pf_eden
Vaults:1: nicolae_vaults_windows_and_doors_thing, v_misc_27,
          ontoclasm_vaults_fault, v_rooms_5, v_misc_28,
          nicolae_vaults_storage_closets_3, v_misc_2, st_lattice,
          nicolae_vaults_little_ls, ontoclasm_vaults_idyll, vaults_dpeg_ring,
          nicolae_vaults_diamond_1, layout_vaults_big_room
Vaults:2: portal_desolation_entry_holy_temple,
          minmay_crypt_entry_simple_corners, nicolae_vaults_bisected_slash,
          nicolae_vaults_house_1, serial_ice_g, nicolae_vaults_six-pack,
          nicolae_vaults_sealed_display, layout_vaults_omnigrid, serial_shops,
          shop
Vaults:3: st_cells, minmay_orc_keep, nicolae_vaults_door_testing_chamber,
          nicolae_vaults_trapezoid_lopsided_1, v_rooms_4,
          nicolae_vaults_puzzle_piece, nicolae_vaults_frosty_reception,
          hangedman_vaults_stagger, nicolae_vaults_angled_halls,
          nicolae_vaults_trapezoid_4, layout_vaults_ring, serial_shops,
          shop_statue, uniq_boris, uniq_margery, uniq_bai_suzhen
Vaults:4: vaults_room_boxed, vaults_dpeg_cross, nicolae_vaults_little_squares_5,
          dpeg_vaults_monster_box, grunt_vaults_hallway_short,
          vaults_dpeg_encased_lava, vaults_mumra_hexcomb,
          nicolae_vaults_ring_of_whatevers, nicolae_vaults_wine_cellar,
          layout_vaults_omnicross
Vaults:5
Depths:1: grunt_house_of_mirrors, layout_gridville, hangedman_coc_ice_floe,
          grunt_dithmenos_smoke, abyss_entry_glasseish, grunt_pan_entry_spiral,
          minmay_strange_pillars, kennysheep_generic_room_6
Depths:2: kennysheep_windowed_halls, layout_gridlike, lightli_too_deep,
          pan_entry, grunt_megastairs_4
Depths:3: minmay_two_paths, layout_cave_pools, abyss_entry, hell_entry,
          ebering_ghost_rock_garden, dk_noncrumbling_4, minmay_shop_mass,
          infiniplex_staircase_door_maze
Depths:4: grunt_zot_entry_gee_three, layout_honeycomb, enter_ziggurat_b,
          gammafunk_ghost_split, hell_entry, uniq_xtahua
Zot:1:    layout_basic, zot_minivault_4
Zot:2:    layout_twisted_circle
Zot:3:    gammafunk_dig_for_victory, layout_cathedral_of_symmetry,
          hangedman_elemental_grid_stream
Zot:4:    layout_misc_corridors
Zot:5:    layout_gridlike, regret_index_zotdec_onion_hex

Skill      XL: |  1  2  3  4  5  6  7  8  9 10 11 12 13 14 15 16 17 18 19 20 21 22 23 24 25 |
---------------+----------------------------------------------------------------------------+-----
Fighting       | 1 2 3 5 6 7 8 9 10 11 12 13 14 | 14.3
Spellcasting   | 3 5 7 8 9 10 11 12 13 14 15 16 | 16.4
Necromancy     | 6 7 8 9 10 15 17 18 | 18.5
Shields        | 1 3 4 5 6 7 |  7.0
Earth Magic    | 4 6 7 8 11 12 | 12.4
Conjurations   | 3 4 5 7 8 9 10 12 13 14 15 16 | 16.4
Evocations     | 2 3 4 5 7 9 12 | 12.0
Polearms       | 3 4 7 8 9 11 | 11.5
Summonings     | 2 3 6 10 13 14 15 16 | 16.4
Ice Magic      | 2 3 |  3.1
Transmutations | 1 7 |  7.4
Stealth        | 5 10 12 | 12.3
Hexes          | 4 |  4.6
Armour         | 1 3 5 7 |  7.0
Dodging        | 3 5 6 7 9 10 | 10.3
Translocations | 1 |  1.6
Throwing       | 5 6 |  6.0

Action                     |  1- 3 |  4- 6 |  7- 9 | 10-12 | 13-15 | 16-18 | 19-21 | 22-24 | 25-27 || total
---------------------------+-------+-------+-------+-------+-------+-------+-------+-------+-------++-------
  Melee: Dagger            |    12 |    26 |    85 |       |       |       |       |       |       ||   123
         Unarmed           |     6 |       |       |       |       |       |       |       |       ||     6
         Bite              |       |       |    13 |    14 |    35 |    48 |    50 |    37 |     1 ||   198
         Rapier            |       |       |     3 |       |       |       |       |       |       ||     3
         Trident           |       |       |       |   165 |   134 |       |       |       |       ||   299
         Demon trident     |       |       |       |       |   292 |   335 |   379 |   266 |     6 ||  1278
  Throw: Throwing net      |       |       |       |       |     1 |       |     3 |       |       ||     4
         Dart              |       |       |       |       |       |       |     1 |       |       ||     1
   Cast: Necrotise         |    45 |   104 |   208 |     4 |       |       |       |       |       ||   361
         Vampiric Draining |     3 |     3 |    31 |    19 |     1 |       |       |       |       ||    57
         Stone Arrow       |       |       |    19 |   177 |   154 |    33 |     2 |       |       ||   385
         Summon Ice Beast  |       |       |       |    22 |    21 |       |       |       |       ||    43
         Irradiate         |       |       |       |    25 |    57 |    43 |    40 |    41 |     1 ||   207
         Summon Mana Viper |       |       |       |       |    29 |    28 |    11 |       |       ||    68
         Monstrous Menager |       |       |       |       |   151 |   335 |   206 |   118 |    12 ||   822
         Blink             |       |       |       |       |     2 |     2 |     1 |       |     1 ||     6
         Spellforged Servi |       |       |       |       |       |    15 |    79 |    65 |     9 ||   168
         Dispel Undead     |       |       |       |       |       |     4 |     5 |    30 |    10 ||    49
         Apportation       |       |       |       |       |       |     2 |     4 |     4 |       ||    10
         Lehudib's Crystal |       |       |       |       |       |       |    83 |   307 |    50 ||   440
         Iskenderun's Myst |       |       |       |       |       |       |     6 |     1 |       ||     7
         Lee's Rapid Decon |       |       |       |       |       |       |    19 |    12 |       ||    31
         Borgnjor's Vile C |       |       |       |       |       |       |     3 |    42 |     2 ||    47
         Sublimation of Bl |       |       |       |       |       |       |       |   165 |    26 ||   191
         Passwall          |       |       |       |       |       |       |       |     7 |     2 ||     9
         Yara's Violent Un |       |       |       |       |       |       |       |       |     3 ||     3
 Invoke: Curse Item        |       |       |     3 |     4 |     6 |     2 |     1 |       |       ||    16
         Shatter the Chain |       |       |       |       |     3 |     3 |       |       |       ||     6
Ability: Bat Form          |       |       |       |       |       |     1 |       |       |       ||     1
         Exsanguinate      |       |       |       |       |       |     1 |       |       |       ||     1
         Revivify          |       |       |       |       |       |     1 |       |       |       ||     1
  Evoke: Wand              |       |       |    11 |    23 |    30 |    15 |    41 |    18 |       ||   138
         Phial of floods   |       |       |       |       |       |     3 |     2 |     1 |       ||     6
         Box of beasts     |       |       |       |       |       |       |     3 |     2 |       ||     5
         Tin of tremorston |       |       |       |       |       |       |     3 |     7 |     2 ||    12
         Phantom mirror    |       |       |       |       |       |       |     2 |     2 |       ||     4
         Lightning rod     |       |       |       |       |       |       |       |     5 |       ||     5
    Use: Potion            |     3 |     1 |     1 |     1 |     4 |     2 |     7 |    12 |     7 ||    38
         Scroll            |       |       |     9 |     5 |    13 |     9 |    15 |     9 |    17 ||    77
   Stab: Sleeping          |     1 |       |     3 |       |       |     2 |       |       |       ||     6
         Distracted        |       |       |       |     7 |    10 |    25 |    28 |    20 |       ||    90
         Invisible         |       |       |       |       |     2 |       |       |       |       ||     2
         Confused          |       |       |       |       |     2 |     6 |     2 |       |       ||    10
         Paralysed         |       |       |       |       |       |     3 |     1 |     2 |       ||     6
         Held in net/web   |       |       |       |       |       |       |     1 |       |       ||     1
 Armour: Robe              |    17 |    55 |   126 |   159 |    22 |       |       |       |       ||   379
         Leather armour    |       |       |       |       |   248 |   421 |   405 |   395 |    28 ||  1497
  Dodge: Dodged            |    18 |    40 |   100 |   213 |   316 |   312 |   326 |   289 |    30 ||  1644
  Block: Buckler           |       |     5 |    35 |    50 |    86 |   119 |   161 |   123 |     7 ||   586

Table legend: (Time is in decaauts)
 A = Elapsed time spent in this place.
 B = Non-inter-level travel time spent in this place.
 C = Inter-level travel time spent in this place.
 D = Time resting spent in this place.
 E = Time spent auto-exploring this place.
 F = Levels seen in this place.
 G = Mean time per level.
                   A        B        C        D        E       F      G
               +--------+--------+--------+--------+--------+-----+--------+
         Total | 105216 |  97723 |   7493 |  10133 |  70461 |  51 | 2063.1 |
       Dungeon |  25659 |  21805 |   3854 |   1292 |  17280 |  15 | 1710.6 |
        Temple |     30 |     30 |      0 |      0 |     16 |   1 |   30.0 |
          Lair |  10878 |  10332 |    546 |    343 |   8214 |   5 | 2175.6 |
         Swamp |   7253 |   7036 |    217 |    328 |   5722 |   4 | 1813.2 |
     Snake Pit |  10068 |   9740 |    328 |    181 |   7932 |   4 | 2517.0 |
  Orcish Mines |   3788 |   3179 |    609 |    522 |   2141 |   2 | 1894.0 |
   Elven Halls |   9823 |   9398 |    425 |    286 |   7517 |   3 | 3274.3 |
        Vaults |  17217 |  16434 |    783 |   2485 |  10594 |   5 | 3443.4 |
        Depths |  12690 |  12070 |    620 |    828 |   9393 |   4 | 3172.5 |
           Zot |   3686 |   3578 |    108 |   2077 |    652 |   5 |  737.2 |
        Bailey |    953 |    953 |      0 |    277 |    369 |   1 |  953.0 |
      Ice Cave |   1593 |   1593 |      0 |    850 |    365 |   1 | 1593.0 |
    Desolation |   1572 |   1572 |      0 |    663 |    263 |   1 | 1572.0 |
               +--------+--------+--------+--------+--------+-----+--------+

Top non-repeatable levels by time:
Vaults:5: 4699 daAuts
   Elf:3: 4149 daAuts
Vaults:1: 4014 daAuts
Depths:4: 3800 daAuts
Vaults:3: 3754 daAuts
 Snake:4: 3646 daAuts
Depths:2: 3557 daAuts
Depths:1: 3118 daAuts
  Lair:5: 3054 daAuts
   Elf:1: 3026 daAuts
     D:7: 2722 daAuts
  Lair:2: 2665 daAuts
 Swamp:3: 2655 daAuts
   Elf:2: 2647 daAuts
  Lair:1: 2423 daAuts
